 Dungeon Crawl Stone Soup version 0.22-b1-21-g5cfc168 (webtiles) character file.

53 Gorglomux the Skirmisher (level 3, -4/37 HPs)
             Began as an Ogre Arcane Marksman on Aug 5, 2018.
             Shot with a stone by a goblin (5 damage)
             ... led by Robin
             ... on level 2 of the Dungeon.
             The game lasted 00:01:26 (1440 turns).

Gorglomux the Skirmisher (Ogre Arcane Marksman)     Turns: 1440, Time: 00:01:27

Health: -4/37      AC:  3    Str: 13 (15) XL:     3   Next: 87%
Magic:  3/4        EV: 10    Int: 12 (14) God:
Gold:   63         SH:  0    Dex:  6 (9)  Spells: 3/4 levels left

rFire    . . .     SeeInvis .   X - +0 spear
rCold    . . .     Gourm    .   (no shield)
rNeg     . . .     Faith    .   a - +0 robe
rPois    .         Spirit   .   (helmet restricted)
rElec    .         Reflect  .   (no cloak)
rCorr    .         Harm     .   (gloves unavailable)
MR       .....                  (boots unavailable)
Stlth    +.........             (no amulet)
HPRegen  0.12/turn              (no ring)
MPRegen  0.09/turn              (no ring)

@: no status effects
A: large, unfitting armour, tough skin 1
a: no special abilities


You were on level 2 of the Dungeon.
You were not hungry.

You visited 1 branch of the dungeon, and saw 2 of its levels.

You collected 63 gold pieces.

Inventory:

Hand Weapons
 X - a +0 spear (weapon)
Missiles
 c - 4 large rocks (quivered)
 Z - 2 throwing nets
Armour
 a - a +0 robe (worn)
Scrolls
 T - a scroll of remove curse {unknown}
 U - 2 scrolls of teleportation {unknown}
 W - a scroll of enchant armour {unknown}
Potions
 V - a potion of flight {unknown}
 Y - a potion of cancellation {unknown}
Comestibles
 f - a ration
 S - 6 chunks of flesh


   Skills:
 + Level 3.5 Fighting
 - Level 2.0 Throwing
 + Level 2.8 Dodging
 - Level 1.2 Spellcasting
 - Level 2.6 Hexes


You had 3 spell levels left.
You knew the following spells:

 Your Spells              Type           Power        Failure   Level  Hunger
a - Corona                Hex            #......      10%         1    ##.....

Your spell library contained the following spells:

 Spells                   Type           Power        Failure   Level  Hunger
 Cause Fear               Hex            #.........   69%         4    #####..
 Slow                     Hex            #.......     16%         2    ###....
 Portal Projectile        Hex/Tloc       #.....       45%         3    ####...
 Leda's Liquefaction      Hex/Erth       #.........   86%         4    #####..
 Inner Flame              Hex/Fire       #.......     45%         3    ####...


Dungeon Overview and Level Annotations

Branches:
Dungeon (2/15)

Altars:


Innate Abilities, Weirdness & Mutations

You are too large for most types of armour.
You have tough skin. (AC +1)


Message History

Aim: a goblin, wielding a hunting sling You perforate the goblin but do no damage!
The goblin unwields an uncursed hunting sling!
The goblin wields an uncursed club!
The goblin hits you with an uncursed club! * * * don't die
* * * You are too butt to fight recklessly!!!
You butt the goblin like a sieve!
The goblin is moderately wounded!
The goblin hits you with an uncursed club! * * * don't die
* * * You are too injured to fight recklessly!!!
You butt-ly miss the goblin!
The goblin hits you with an uncursed club! * * * don't die
* * * You are too injured to fight butt-ly!!!
The butt unwields an uncursed club!
The goblin wields an uncursed hunting sling!
The goblin shoots a stone!
The stone hits you! rip

###### #................
)....#####..#...........## #
####..<#.÷....####.g).g..##.#
#......#..#.###. #(g#....#.
#.........#.##.## ##g.......
#..÷...####.##..###gg..####.
##.....# #.##g#(#.##..##
#..#..####.##.##).g...>..
#..........##@######..####
#.............# ..#
#..#..........# ..#
...#######...## ..# ##..#
##..# #..# #..# #..# #..#


You could see a goblin.

Vanquished Creatures
  A dart slug (D:2)
  A leopard gecko (D:1)
  2 ball pythons
  4 giant cockroaches (D:1)
  10 goblins
  8 hobgoblins
  4 kobolds
  A quokka (D:2)
  7 bats
  2 frilled lizards
  3 rats (D:1)
43 creatures vanquished.

Notes
Turn   | Place    | Note
-------+----------+-------------------------------------------
     0 | D:1      | Gorglomux the Ogre Arcane Marksman began the quest for the Orb.
     0 | D:1      | Reached XP level 1. HP: 19/19 MP: 2/2
   115 | D:1      | Reached skill level 2 in Fighting
   246 | D:1      | Reached XP level 2. HP: 26/28 MP: 3/3
   713 | D:1      | Reached XP level 3. HP: 15/36 MP: 4/4
  1085 | D:1      | Reached skill level 3 in Fighting
  1438 | D:2      | HP: 1/37 [goblin/uncursed club[Robin] (3)]
  1440 | D:2      | Shot with a stone by a goblin

Skill      XL: |  1  2  3 |
---------------+----------+-----
Dodging        | 2 |  2.8
Fighting       | 2 3 |  3.5
Throwing       | |  2.0
Spellcasting   | |  1.2
Hexes          | |  2.6

Action                   || total
-------------------------++-------
Melee: Unarmed           ||    24
       Spear             ||   156
 Cast: Corona            ||     9
  Use: Potion            ||     1
 Stab: Sleeping          ||     1
  Eat: Chunk             ||     2
Armor: Robe              ||    85
Dodge: Dodged            ||   114
